Unix NetHack Version 5.0.0-0 post-release - last build Jun 10 2026 00:39:30 (3ee93aec679c4c4259841fe613dc97188e26a321,branch:main).

Game began 2026-07-02 20:23:08, ended 2026-07-03 16:51:14.

Japes, lawful male human Monk

       -----------
       |..(......|                     --------
       |.<.......|                     |......|                 -------
       |.........|                     |......|                 +.(.f.|
       |.........|                    #.....[.|                 |..@a.-
       ---|-------                    #----.-.-               #0o..p.$|
          ##                 ##################                #-------
           #                    ######      ####               #
           #                  ###           #####              #
           ###                #                 ###            ##
             #               ##                 #######   ######0
           --|---         ####                  # #####    ###  #
           |*...|  ########                        ---.----|-+--
           |....|  #                               |...........|
           |....|###                               |...........|
           |....-#                                 ............-
           |....|                                  |{..........|
           ------                                  -------------

Japes the Novice                St:14 Dx:13 Co:13 In:9 Wi:14 Ch:11  Lawful
Dlvl:7  $:63 HP:0(24) Pw:13(13) AC:3  Xp:3/51 T:809 

Latest messages:
 You kill the red mold!
 The hobgoblin hits!
 You kill the hobgoblin!
 You have a little trouble lifting an orcish helm.  Continue? [ynq] (q)
 $ - 16 gold pieces (63 in total).
 You descend the stairs.
 You see here a large box.
 The large box is empty.
 You see here 50 rocks.
 You are beginning to feel hungry.
 What do you want to eat? [f-inovx or ?*]
 This cram ration is bland.
 You finish eating the cram ration.
 You see here a scale mail.
 The door opens.
 The kitten misses!
 You hit the kitten.
 The kitten misses!
 What do you want to throw? [$kyzEF or ?*]
 In what direction?
 The kitten seems more amiable.
 Your kitten devours an uncursed fortune cookie.
 You try to move the boulder, but in vain.
 You swap places with your kitten.
 With great effort you move the boulder.
 You see here a large box.
 Hmmm, the large box turns out to be locked.
 What do you want to wield? [- kyzEF or ?*]
 y - a runed dagger (weapon in right hand).
 #
 There is a locked large box here; force its lock? [ynq] (q)
 You force your runed dagger into a crack and pry.
 You stop forcing the lock.
 What do you want to wield? [- kyzEF or ?*]
 You are empty handed.
 You hear some noises in the distance.
 You find an iron piercer.
 You already found a monster.  Use 'm' prefix to force another search.
 You begin striking monsters with your gloved hands.
 You miss the iron piercer.
 You miss the iron piercer.
 The iron piercer just misses!
 You miss the iron piercer.
 You miss the iron piercer.
 The giant beetle bites!
 You miss the iron piercer.
 The giant beetle bites!
 You die...
 Do you want your possessions identified? [ynq] (y)
 Do you want to see your attributes? [ynq] (y)

Inventory:
 Coins    ('$')
  $ - 63 gold pieces
 Weapons  (')')
  E - 8 cursed +0 silver arrows
  z - a +0 sling
  F - 9 +0 darts
  y - a +0 elven dagger
  k - a corroded +0 orcish dagger
 Armor    ('[')
  l - an uncursed +0 orcish helm (being worn)
  a - an uncursed +2 pair of leather gloves (being worn)
  D - a cursed -1 pair of fumble boots named cur
  b - an uncursed +1 robe (being worn)
 Comestibles  ('%')
  n - 2 uncursed venti hot decaf vanilla lattes
  g - 9 uncursed apples
  f - 3 uncursed food rations
  i - 3 uncursed fortune cookies
  h - 5 uncursed oranges
  o - an uncursed egg
  v - 2 uncursed lichen corpses
 Scrolls  ('?')
  r - an uncursed scroll of enchant weapon
  c - an uncursed scroll of light
 Spellbooks  ('+')
  q - an uncursed spellbook of blank paper
  j - a blessed spellbook of confuse monster
  B - an uncursed spellbook of identify
 Potions  ('!')
  m - an uncursed potion of fruit juice
  w - 2 uncursed potions of hallucination
  e - a blessed potion of healing
  d - 5 uncursed potions of healing
  A - 3 cursed potions of healing
  t - a blessed potion of monster detection
 Wands    ('/')
  G - a wand of secret door detection (0:13)
 Tools    ('(')
  p - an uncursed leash
 Gems/Stones  ('*')
  u - an uncursed worthless piece of black glass
  s - 3 uncursed worthless pieces of green glass
  C - an uncursed worthless piece of red glass

Japes the Monk's attributes:

Background:
 You were a Novice, a level 3 male human Monk.
 You were lawful, on a mission for Shan Lai Ching
 who was opposed by Chih Sung-tzu (neutral) and Huan Ti (chaotic).
 You were right-handed.
 You were in the Dungeons of Doom, on level 7.
 You entered the dungeon 809 turns ago.
 You had 51 experience points, 29 more were needed to attain level 4.

Basics:
 You had 0 out of 24 hit points.
 You had all 13 energy points (spell power).
 Your armor class was 3.
 Your wallet contained 63 zorkmids.
 Autopickup was on for '$' plus thrown.

Final Characteristics:
 Your strength was 14 (limit:18/100).
 Your dexterity was 13 (limit:18).
 Your constitution was 13 (limit:18).
 Your intelligence was 9 (limit:18).
 Your wisdom was 14 (limit:18).
 Your charisma was 11 (limit:18).

Final Status:
 You weren't hungry.
 You were unencumbered.
 You were empty handed.
 You had basic skill with martial arts.

Final Attributes:
 You were fervently aligned.
 You were sleep resistant.
 You were poison resistant.
 You saw invisible.
 You were guarded.
 Your spell casting was enhanced by wearing a robe.
 You were fast.
 You are dead.

Miscellaneous:
 You encountered 2 bones levels.
 Total elapsed playing time was 13 minutes and 47 seconds.

Major events:
 Turn
    1: Japes the lawful male human Monk entered the dungeon
  236: entered the Gnomish Mines
  691: attained the rank of Novice (level 3)
  809: killed by a giant beetle

Spells:
 Name                 Level Category     Fail Retention
 confuse monster        1   enchantment    0%  76%-100%

Skills:
 Fighting Skills
   martial arts       [Basic]
 Weapon Skills
   quarterstaff       [Unskilled]
   spear              [Unskilled]
   crossbow           [Unskilled]
   shuriken           [Unskilled]
 Spellcasting Skills
   attack spells      [Unskilled]
   healing spells     [Basic]
   divination spells  [Unskilled]
   enchantment spells [Unskilled]
   clerical spells    [Unskilled]
   escape spells      [Unskilled]
   matter spells      [Unskilled]

Voluntary challenges:
 Character rerolling was not enabled.
 You followed a strict vegan diet.
 You were an atheist.
 You never hit with a wielded weapon.
 You were illiterate.
 You never genocided any monsters.
 You never polymorphed an object.
 You never changed form.
 You used no wishes.
Achievements:
 You entered the Gnomish Mines.
 You attained the rank of Novice.

 The Dungeons of Doom: levels 1 to 7
    Level 1:
       A fountain, a sink.
    Level 2:
       Stairs down to The Gnomish Mines.
    Level 3:
       A sink.
    Level 4:
       A sink.
    Level 5:
       Final resting place for
          mogin-Pri-Hum-Fem-Law, killed by a pony.
    Level 6:
    Level 7: <- You were here.
       A fountain.
       Final resting place for
          you, killed by a giant beetle,
          IanCurtis-Wiz-Elf-Mal-Cha, killed by a giant beetle.
 The Gnomish Mines:
    Level 3:


Vanquished creatures:
  a kitten
  2 hobgoblins
  a brown mold
  a red mold
  a gecko
  a jackal
  a goblin
  3 lichens
  a newt
12 creatures vanquished.

No species were genocided or became extinct.

Game over:
                       ----------
                      /          \
                     /    REST    \
                    /      IN      \
                   /     PEACE      \
                  /                  \
                  |      Japes       |
                  |      63 Au       |
                  |   killed by a    |
                  |   giant beetle   |
                  |                  |
                  |                  |
                  |       2026       |
                 *|     *  *  *      | *
        _________)/\\_//(\/(/\)/\//\/|_)_______

Goodbye Japes the Monk...

You died in The Dungeons of Doom on dungeon level 7 with 571 points,
and 63 pieces of gold, after 809 moves.
You were level 3 with a maximum of 24 hit points when you died.

